 Dungeon Crawl Stone Soup version 0.17-a0-1850-g688e747 (webtiles) character file.

298 kae the Cudgeler (level 6, 0/51 HPs)
             Began as a Minotaur Fighter on Sept 19, 2015.
             Slain by a phantom (8 damage)
             ... on level 4 of the Dungeon.
             The game lasted 00:02:36 (3358 turns).

kae the Cudgeler (Minotaur Fighter)                 Turns: 3358, Time: 00:02:36

Health: 0/51       AC:  9    Str: 20    XL:     6   Next: 13%
Magic:  5/5        EV:  7    Int:  7    God:
Gold:   134        SH:  9    Dex: 10    Spells: 0 memorised, 5 levels left

rFire  . . .     SeeInvis .     a - +0 flail
rCold  . . .     Clarity  .     b - +0 scale mail
rNeg   . . .     SustAt   .     c - +0 shield
rPois  .         Gourm    .     (helmet restricted)
rElec  .         Spirit   .     (no cloak)
rCorr  .         Warding  .     w - +0 pair of gloves
rMut   .         Stasis   .     o - +0 pair of boots
MR     .....                    (no amulet)
Stlth  ..........               (no ring)
                                (no ring)

@: not resistant to hostile enchantments, extremely unstealthy
A: retaliatory headbutt, horns 2
a: no special abilities


You were on level 4 of the Dungeon.
You were very hungry.

You visited 1 branch of the dungeon, and saw 4 of its levels.

You collected 134 gold pieces.

Inventory:

Hand weapons
 a - a +0 flail (weapon)
Armour
 b - a +0 scale mail (worn)
 c - a +0 shield (worn)
 o - a +0 pair of boots (worn)
 w - a +0 pair of gloves (worn)
Jewellery
 i - an uncursed ring of flight {unknown}
Magical devices
 x - a wand of invisibility (5)
Scrolls
 g - 2 scrolls of remove curse {unknown}
 h - 8 scrolls of identify {unknown}
 j - 2 scrolls of enchant weapon {unknown}
 m - a scroll of enchant armour {unknown}
 n - a scroll of teleportation {unknown}
 t - a scroll of noise {unknown}
 v - a scroll of fog {unknown}
 y - a scroll of amnesia {unknown}
 A - a scroll of random uselessness {unknown}
Potions
 d - a potion of might
 f - 2 potions of degeneration {unknown}
 k - 2 potions of curing {unknown}
 l - a potion of heal wounds {unknown}
 p - a potion of resistance {unknown}
 q - 2 potions of cure mutation {unknown}
 u - a potion of lignification {unknown}
 z - a potion of agility {unknown}
Comestibles
 e - 2 bread rations
 r - 6 fruits
 s - 3 meat rations


   Skills:
 - Level 3.6 Fighting
 + Level 7.8 Maces & Flails
 - Level 3.6 Armour
 - Level 3.6 Shields


You had 5 spell levels left.
You didn't know any spells.

Dungeon Overview and Level Annotations

Branches:
Dungeon (4/15)
 Temple: D:4-7

Altars:
Ashenzari
Dithmenos
Okawaru
Sif Muna

Shops:
D:4 }%


Innate Abilities, Weirdness & Mutations

You reflexively headbutt those who attack you in melee.
You have a pair of horns on your head.


Message History

You are too injured to fight recklessly!
You are too injured to fight recklessly!
You are too injured to fight recklessly!
You are too injured to fight recklessly!
You are too injured to fight recklessly!
You closely miss the phantom. You headbutt the phantom.
The phantom is severely damaged.
The phantom blinks!
You swing at nothing.
The phantom blinks!
You hit the phantom. Your headbutt misses the phantom.
The phantom is severely damaged.
The phantom hits you.
* * * LOW HITPOINT WARNING * * *
You closely miss the phantom. You headbutt the phantom.
The phantom is severely damaged.
You block the phantom's attack.
You hit the phantom.
The phantom is almost destroyed.
The phantom hits you!
You die...

###### .....#
####################
...(.#
#.W.'.......#..#....
.....#
#..@#.......'..#....
.....#
#...#.......#..#....
.....#
#...#.......#..'....
.....##
#######.##..##+###...
......#
##...###.##..##.###...
......#
##.....##.#............
......#
#.......#.'.........>..
......#
#..._.....#............
......#
#.......#.#............


You could see a phantom.

Vanquished Creatures
  2 orc wizards
  A worker ant (D:4)
  2 hound skeletons
  3 worker ant zombies (D:3)
  2 gnolls
  5 adders
  An adder zombie (D:3)
  An adder skeleton (D:4)
  2 worms
  3 giant geckos
  12 orcs
  7 goblins
  8 hobgoblins
  2 kobolds
  A quokka (D:3)
  A ball python (D:1)
  A ball python skeleton (D:3)
  6 bats
  3 giant cockroaches
  A giant gecko skeleton (D:3)
  4 giant newts
  6 jackals
  13 rats
87 creatures vanquished.

Notes
Turn   | Place    | Note
--------------------------------------------------------------
     0 | D:1      | kae the Minotaur Fighter began the quest for the Orb.
     0 | D:1      | Reached XP level 1. HP: 19/19 MP: 0/0
   159 | D:1      | Reached XP level 2. HP: 26/26 MP: 1/1
   277 | D:1      | Reached skill level 4 in Maces & Flails
   550 | D:1      | Reached XP level 3. HP: 31/31 MP: 2/2
  1246 | D:2      | Found a shadowy altar of Dithmenos.
  1323 | D:2      | Found a deep blue altar of Sif Muna.
  1364 | D:2      | Reached skill level 5 in Maces & Flails
  1377 | D:2      | Reached XP level 4. HP: 33/39 MP: 3/3
  2012 | D:3      | Reached skill level 6 in Maces & Flails
  2096 | D:3      | Reached XP level 5. HP: 33/45 MP: 4/4
  2511 | D:4      | Reached skill level 7 in Maces & Flails
  2743 | D:4      | Found Zocilexu's Gadget Shoppe.
  2790 | D:4      | Found an iron altar of Okawaru.
  2915 | D:4      | Reached XP level 6. HP: 51/51 MP: 5/5
  3262 | D:4      | Found Sackyan's Food Boutique.
  3304 | D:4      | Found a shattered altar of Ashenzari.
  3321 | D:4      | Noticed a phantom
  3358 | D:4      | Slain by a phantom

Vault maps used:
D:1:      dpeg_arrival_refuge, minmay_misc_feat_square, serial_park_tiny_1,
          minmay_misc_feat_cross, lemuel_another_geyser
D:2:      nicolae_overflow_hidden_temple, lemuel_crystal_altar,
          grunt_dithmenos_smoke, serial_bayou_pond_c
D:3:      serial_undead, serial_undead_b, serial_undead_a, serial_undead_c,
          serial_undead_d
D:4:      wad_river_or_something, lemuel_round_altar, okawaru_altar_gauntlet_db,
          first_bread, serial_shops, kennysheep_little_box,
          kennysheep_small_square

Action                   |  1- 3 |  4- 6 || total
-------------------------+-------+-------++-------
Melee: Flail             |    83 |   189 ||   272
  Eat: Chunk             |     1 |     6 ||     7
